 Dungeon Crawl Stone Soup version 0.31.0-11-ge490571c62 (webtiles) character file.

Game seed: 16690368315881605178

1632 hawla the Cutter (level 8, 0/64 HPs)
             Began as a Deep Elf Fire Elementalist on Jan 29, 2024.
             Was a Believer of Vehumet.
             Slain by a wight
             ... wielding a +5 hand axe of freezing
              (8 damage)
             ... on level 7 of the Dungeon.
             The game lasted 00:17:56 (5909 turns).

hawla the Cutter (Deep Elf Fire Elementalist)       Turns: 5909, Time: 00:17:57

Health: 0/64       AC: 24    Str:  5    XL:     8   Next: 66%
Magic:  1/14       EV:  2    Int: 32    God:    Vehumet [**....]
Gold:   445        SH:  0    Dex: 15    Spells: 6/13 levels left

rFire   + . .        h - +1 rapier "Leluhamp" {flame, rPois SInv}
rCold   x . .        (no shield)
rNeg    . . .        a - melded +1 robe
rPois   +            (helmet currently unavailable)
rElec   .            y - melded +2 cloak
rCorr   .            (gloves currently unavailable)
SInv    +            (boots currently unavailable)
Will    .....        (no amulet)
Stlth   ++           q - +6 ring of intelligence
HPRegen 0.30/turn    t - ring "Ziun" {Fire Int+3}
MPRegen 0.14/turn

%: no passive effects
@: tree-form
A: stationary, stasis, torment immunity, boosted hp
a: Renounce Religion


You were on level 7 of the Dungeon.
You worshipped Vehumet.
Vehumet was pleased with you.
You were a tree.
You visited 1 branch of the dungeon, and saw 7 of its levels.

You collected 445 gold pieces.

Inventory:

Hand Weapons
 h - the +1 rapier "Leluhamp" (weapon) {flame, rPois SInv}
   (You found it on level 5 of the Dungeon)

   rPois:     It protects you from poison SInv: It lets you see invisible.
 D - a +4 quarterstaff of freezing
Armour
 a - a +1 robe (melded)
 y - a +2 cloak (melded)
Magical Staves
 e - a staff of air
 f - a staff of conjuration
 B - a staff of earth
Jewellery
 q - a +6 ring of intelligence (left branch)
 r - a +5 ring of evasion
 t - the ring "Ziun" (right branch) {Fire Int+3}
   (You found it on level 3 of the Dungeon)

   [ring of fire]

   Fire:      It enhances your fire magic.
   Int+3:     It affects your intelligence (+3).
   rF+:       It protects you from fire.
   rC-:       It makes you vulnerable to cold.
 z - a ring of fire
Talismans
 C - a maw talisman
Wands
 v - a wand of roots (7)
Scrolls
 c - a scroll of teleportation
 i - a scroll of identify
 p - 2 scrolls of immolation
 u - 2 scrolls of enchant armour
Potions
 b - a potion of magic
 d - a potion of brilliance
 g - 2 potions of cancellation
 j - 3 potions of curing {unknown}
 k - a potion of haste
 l - 2 potions of invisibility {unknown}
 m - a potion of resistance
 s - a potion of lignification
 w - a potion of might {unknown}
 x - a potion of mutation {unknown}
 A - a potion of attraction {unknown}


   Skills:
 - Level 1.0 Fighting
 - Level 7.0 Short Blades
 + Level 3.5 Staves
 - Level 4.0 Dodging
 - Level 2.4 Stealth
 - Level 3.0 Spellcasting
 - Level 6.0 Conjurations
 - Level 4.0 Fire Magic
 - Level 1.0 Air Magic
 - Level 1.0 Earth Magic
 - Level 3.0 Evocations


You had 6 spell levels left.
You knew the following spells:

 Your Spells              Type           Power      Damage    Failure   Level
a - Foxfire               Conj/Fire      100%       2x1d9     1%          1
b - Scorch                Fire           90%        2d8       1%          2
c - Flame Wave            Conj/Fire      53%        2d13      8%          4

Your spell library contained the following spells:

 Spells                   Type           Power      Damage    Failure   Level
 Searing Ray              Conj           86%        2d7       1%          2
 Apportation              Tloc           8%         N/A       6%          1
 Cigotuvi's Dreadful Rot  Necr/Alch/Air  12%        N/A       9%          2
 Inner Flame              Hex/Fire       26%        N/A       9%          3
 Volatile Blastmotes      Fire/Tloc      52%        2d14      9%          3
 Ensorcelled Hibernation  Hex/Ice        8%         N/A       10%         2
 Jinxbite                 Hex            8%         N/A       10%         2
 Sublimation of Blood     Necr           4%         N/A       10%         2
 Passwall                 Erth           11%        N/A       12%         3
 Swiftness                Air            11%        N/A       12%         3
 Ignite Poison            Fire/Alch      26%        N/A       26%         4
 Sticky Flame             Fire/Alch      26%        2d6       26%         4
 Arcjolt                  Conj/Air       13%        1d23      38%         5
 Petrify                  Alch/Erth      8%         N/A       45%         4
 Vhi's Electric Charge    Tloc/Air       16%        N/A       45%         4
 Irradiate                Conj/Alch      12%        3d15      45%         5
 Freezing Cloud           Conj/Ice/Air   9%         6-21      56%         5
 Alistair's Intoxication  Alch           2%         N/A       86%         5
 Ignition                 Fire           22%        3d8       100%        8
 Maxwell's Capacitive Co  Air            5%         ∞         100%        8


Dungeon Overview and Level Annotations

Branches:
Dungeon (7/15)             Temple (0/1) D:4

Altars:
Fedhas
Kikubaaqudgha
Uskayaw
Vehumet


Message History

You closely miss the orc wizard.
The orc wizard is moderately wounded.
The orc wizard hits you but does no damage.
The wight barely misses you.
You hit the orc wizard. You burn the orc wizard.
The orc wizard is moderately wounded.
The orc wizard hits you with a +0 dagger.
The wight closely misses you.
You hit the orc wizard. You burn the orc wizard.
The orc wizard is almost dead.
The orc wizard hits you with a +0 dagger.
The wight hits you with a +5 hand axe of freezing!
The wight freezes you!
You closely miss the orc wizard.
The orc wizard is almost dead.
The orc wizard hits you but does no damage.
The wight closely misses you.
You hit the orc wizard. You burn the orc wizard.
You kill the orc wizard!
Vehumet accepts your kill.
You feel your power returning. The wight barely misses you.
Training target 1.0 for Fighting reached!
Your Fighting skill increases to level 1!
You need to enable at least one skill for training.
Casting: Foxfire (safe; 1% risk of failure)
Confirm with . or Enter, or press ? or * to list all spells.
You feel a surge of power!
You conjure some foxfire!
The wight hits you with a +5 hand axe of freezing.
* * * LOW HITPOINT WARNING * * *
The wight freezes you.
* * * LOW HITPOINT WARNING * * *
It was a potion of lignification.
You turn into a tree.
Your +2 cloak melds into your body.
Your +1 robe melds into your body.
Your roots penetrate the ground.
The foxfire hits the wight but does no damage.
The wight is heavily damaged.
The foxfire hits the wight.
The wight is severely damaged.
The wight hits you with a +5 hand axe of freezing!
You die...

##.# #..#########
#.###.......
###.##........
##...##........
###..#..#........
####..####..........
##..§§###
##....<....
o####).)♣§..##
###.......
..).)..z.....#
##.....~
###..........#
##...~~ #..........#
##...~ #..........#
##..~~ #..........#
#..~~. #.........##
#..... ##........#
#.#..# ##.......##
#.....


You could see a wight.

Vanquished Creatures
  Grinder (D:3)
  An orc warrior (D:6)
  A black bear (D:6)
  A sky beast (D:7)
  An ogre (D:5)
  2 phantoms
  A scorpion (D:5)
  2 wights (D:7)
  4 killer bees (D:7)
  A howler monkey (D:6)
  A bombardier beetle (D:3)
  A jelly (D:6)
  3 hounds
  Crazy Yiuf (D:5)
  2 iguanas
  2 sleepcaps (D:5)
  3 orc wizards
  11 adders
  A white imp (D:5)
  2 ufetubi (D:6)
  A dart slug (D:2)
  4 ribbon worms
  12 orcs
  7 endoplasms
  6 giant cockroaches
  9 goblins
  7 hobgoblins
  4 kobolds
  2 quokkas
  5 ball pythons
  2 bats
  6 frilled lizards
107 creatures vanquished.

Vanquished Creatures (others)
  241 foxfires
241 creatures vanquished.

Grand Total: 348 creatures vanquished

Notes
Turn   | Place    | Note
-------+----------+-------------------------------------------
     0 | D:1      | hawla the Deep Elf Fire Elementalist began the quest for
                  | the Orb.
     0 | D:1      | Reached XP level 1. HP: 10/10 MP: 6/6
   321 | D:1      | Reached XP level 2. HP: 15/15 MP: 6/8
   744 | D:1      | Learned a level 2 spell: Scorch
   969 | D:2      | Reached XP level 3. HP: 19/19 MP: 2/9
  1248 | D:2      | Found a radiant altar of Vehumet.
  1256 | D:2      | Became a worshipper of Vehumet
  1259 | D:2      | Reached XP level 4. HP: 24/24 MP: 8/10
  1893 | D:2      | Learned a level 4 spell: Flame Wave
  2044 | D:3      | Identified the ring "Ziun" {Fire Int+3}
  2184 | D:3      | Reached skill level 5 in Conjurations
  2313 | D:3      | Noticed Grinder
  2322 | D:3      | Killed Grinder
  2323 | D:3      | Reached XP level 5. HP: 19/28 MP: 0/11
  2323 | D:3      | Reached XP level 6. HP: 21/32 MP: 0/12
  2451 | D:3      | Found a hide-covered altar of Uskayaw.
  2462 | D:3      | Noticed a +0 dagger
  2463 | D:3      | Noticed a +0 hand axe
  2694 | D:4      | Reached skill level 1 in Staves
  2791 | D:4      | Found an ancient bone altar of Kikubaaqudgha.
  2936 | D:4      | Found a staircase to the Ecumenical Temple.
  3088 | D:4      | Reached * piety under Vehumet
  3088 | D:4      | Offered knowledge of Sandblast by Vehumet.
  3412 | D:5      | Entered Level 5 of the Dungeon
  3544 | D:5      | Identified the +1 rapier "Leluhamp" {flame, rPois SInv}
  3562 | D:5      | Reached XP level 7. HP: 36/36 MP: 13/13
  3616 | D:5      | Reached skill level 1 in Short Blades
  3707 | D:5      | Reached skill level 2 in Short Blades
  3711 | D:5      | Reached skill level 3 in Short Blades
  3918 | D:5      | Reached skill level 4 in Short Blades
  4094 | D:5      | Found a runed translucent door.
  4095 | D:5      | Noticed Crazy Yiuf
  4104 | D:5      | Killed Crazy Yiuf
  4568 | D:6      | Reached skill level 5 in Short Blades
  4730 | D:6      | Reached XP level 8. HP: 41/41 MP: 0/14
  5052 | D:6      | Reached skill level 6 in Short Blades
  5151 | D:6      | Found a blossoming altar of Fedhas.
  5671 | D:7      | Reached skill level 7 in Short Blades
  5678 | D:7      | Reached ** piety under Vehumet
  5679 | D:7      | Reached skill level 1 in Air Magic
  5679 | D:7      | Reached skill level 1 in Earth Magic
  5883 | D:7      | Offered knowledge of Searing Ray by Vehumet.
  5908 | D:7      | Reached skill level 1 in Fighting
  5909 | D:7      | Slain by a wight

Illustrated notes

Levels and vault maps discovered:
D:1:      elethiomel_arrival_shortcut, layout_basic,
          hangedman_abyss_or_decor_stabs, chequers_hall_statues_y
D:2:      layout_loops_cross, basic_altar, nicolae_figureground_sparkle
D:3:      minmay_general_purpose_star, layout_rooms, dancing_weapons_uskayaw,
          uniq_grinder
D:4:      layout_cave_pools, kennysheep_mini_moat,
          minmay_temple_entry_water_ring, minmay_misc_feat_encased
D:5:      layout_loops_ring, enter_ossuary_2, chequers_serial_rivers_micro_e,
          kennysheep_generic_room_5, uniq_crazy_yiuf_cottage
D:6:      layout_loops_ring, mainiacjoe_overflow_cross_hatched,
          hangedman_decor_growths
D:7:      layout_cave_pods, ebering_ghost_rock_garden, dk_vineyard_3,
          uniq_jeremiah, uniq_maurice

Skill      XL: |  1  2  3  4  5  6  7  8 |
---------------+-------------------------+-----
Conjurations   | 2 3 4 6 |  6.0
Evocations     | 3 |  3.0
Staves         | 3 |  3.5
Short Blades   | 5 7 |  7.0
Air Magic      | 1 |  1.0
Earth Magic    | 1 |  1.0
Fire Magic     | 4 |  4.0
Dodging        | 4 |  4.0
Fighting       | 1 |  1.0
Stealth        | |  2.4
Spellcasting   | |  3.0

Action                     |  1- 3 |  4- 6 |  7- 9 || total
---------------------------+-------+-------+-------++-------
  Melee: Staff             |     4 |    14 |    36 ||    54
         Rapier            |       |       |    11 ||    11
   Cast: Foxfire           |    41 |    47 |    53 ||   141
         Scorch            |     2 |    19 |    23 ||    44
         Flame Wave        |       |       |     6 ||     6
    Use: Scroll            |     5 |    10 |     5 ||    20
         Potion            |       |       |     2 ||     2
   Stab: Sleeping          |       |       |     1 ||     1
 Armour: Robe              |     3 |    11 |    61 ||    75
         Skin              |       |       |     1 ||     1
  Dodge: Dodged            |     4 |    14 |    57 ||    75
